[Event "Israel Team Ch Under 18"]
[Site "Jerusalem"]
[Date "2017.08.14"]
[Round "4"]
[White "Hochman, Elnatan"]
[Black "Stolyarsky, Yegor"]
[Result "1-0"]
[ECO "B09"]
[WhiteElo "2097"]
[BlackElo "1860"]
[Annotator "NA RC"]
[PlyCount "117"]
[EventDate "2017.??.??"]
[EventType "swiss"]
[EventCountry "ISR"]
[SourceTitle "playchess.com"]
[Source "ChessBase"]
[SourceQuality "1"]
[TimeControl "40/5400+30:1800+30"]

1. d4 Nf6 2. Nc3 g6 3. e4 d6 4. f4 Bg7 5. Nf3 O-O 6. e5 dxe5 7. fxe5 Nd5 8. Ne4 Bf5 {[%emt 0:01:29] B09: Pirc Defence: Austrian Attack} 9. Ng3 Bg4 {[%emt 0:02:00] LiveBook: 4 Games} 10. Be2 Nc6 $146 ({Predecessor:} 10... c5 $15 11. h3 Bxf3 12. Bxf3 cxd4 13. Qxd4 e6 14. Bxd5 Nc6 15. Qf2 Qxd5 16. O-O Nxe5 {½-½ (42) Lefebvre,H (2268)-Rausis,I (2466) Uxbridge 2010}) 11. c3 Qd7 12. h3 Bxf3 13. Bxf3 Rad8 14. h4 f6 15. Bg4 ({Better is} 15. exf6 $1 $14 exf6 16. O-O) 15... Qe8 (15... e6 $1 $15 16. exf6 Nxf6) 16. Be6+ Kh8 17. h5 fxe5 18. Qg4 Nf4 $2 (18... Rf6 $14) 19. Bxf4 $1 Rxf4 {[%emt 0:01:33] [#]} 20. hxg6 $1 h6 21. Qg5 Qf8 22. d5 Na5 23. O-O-O Nc4 24. Nf5 Rxf5 25. Bxf5 ({Less strong is} 25. Qxf5 Qxf5 26. Bxf5 Ne3 $16) 25... Ne3 26. Qxe3 Qxf5 27. Rxh6+ Kg8 28. Rh3 Qxg6 29. Rg3 Qf6 30. Rh1 Qf4 31. Qxf4 exf4 32. Rg5 Rf8 33. Kd2 Rf6 $18 34. Kd3 f3 35. gxf3 Rxf3+ 36. Ke4 Rf7 37. Rhg1 Kh7 38. Rf5 Kg8 39. Rxf7 Kxf7 40. Kf5 Bf6 41. Rh1 b6 42. Rh7+ Bg7 43. Rxg7+ Kxg7 44. Ke6 Kf8 45. Kd7 Kf7 46. Kxc7 Kf6 47. d6 exd6 48. Kxd6 Kf5 49. Kc6 Ke4 50. Kb7 Kd3 51. Kxa7 b5 52. Kb6 Kc4 53. b3+ Kxc3 54. Kxb5 Kb2 55. a4 Kxb3 56. a5 Kb2 57. a6 Kc3 58. a7 Kb3 59. a8=Q 1-0

[Event "Israel Team Ch Under 18"]
[Site "Jerusalem"]
[Date "2017.08.14"]
[Round "4"]
[White "Lukin, Elisha"]
[Black "Katkov, Michelle"]
[Result "0-1"]
[ECO "C01"]
[WhiteElo "2085"]
[BlackElo "1822"]
[Annotator "NA RC"]
[PlyCount "110"]
[EventDate "2017.??.??"]
[EventType "swiss"]
[EventCountry "ISR"]
[SourceTitle "playchess.com"]
[Source "ChessBase"]
[SourceQuality "1"]
[TimeControl "40/5400+30:1800+30"]

1. e4 e6 2. d4 d5 3. exd5 exd5 4. c4 Bb4+ 5. Nc3 Nf6 6. Nf3 O-O 7. Be2 dxc4 8. Bxc4 Bg4 9. O-O Nc6 10. Be3 {[%emt 0:02:45] C01: French: Exchange Variation} Ne7 11. h3 Bh5 12. Be2 Ned5 13. Qb3 $146 ({Find the theoretical novelty and annotate with similar games:} 13. Bd2 Re8 14. Re1 Bxc3 15. bxc3 Ne4 16. Rc1 Qf6 17. Qb3 Rad8 {½-½ (35) Watzka,H (2350)-Dueckstein,A (2345) Austria 1995}) 13... Bxc3 14. bxc3 Nxe3 15. fxe3 Qe7 16. Rae1 Qxe3+ 17. Kh1 Ne4 18. Kh2 Qf4+ 19. Kg1 Ng3 20. Rf2 Rae8 21. Qxb7 Ne4 22. Rff1 Nxc3 23. Bd1 Rxe1 24. Rxe1 Qg3 25. Rf1 h6 26. Qb3 Ne4 27. Ne5 Bxd1 28. Qxg3 Nxg3 29. Rxd1 Rb8 30. Kf2 {[%emt 0:02:29] [#]} Nf5 $1 31. Rd2 Rb4 32. Nc6 Ra4 33. g4 Nd6 34. Rc2 Kf8 35. d5 Ne8 36. Rb2 g5 37. Kg2 a5 38. Rf2 Kg7 39. Ne5 Nf6 40. Kg1 Ra3 41. Kg2 a4 42. Nc4 Rc3 43. Nb2 $2 (43. Ne5) 43... a3 44. Nd1 Rd3 45. Rf1 Nxd5 46. Nf2 Rd2 47. Ra1 Nc3 48. Kf3 Rxa2 49. Rc1 Nb5 $19 50. Nd3 Rh2 51. Kg3 Rd2 52. Nb4 Rb2 53. Nd5 a2 54. Ra1 Nd4 55. Nc3 Rb3 0-1

[Event "Israel Team Ch Under 18"]
[Site "Jerusalem"]
[Date "2017.08.14"]
[Round "4"]
[White "Zhimalov, Adam"]
[Black "Rozen, Eytan"]
[Result "1/2-1/2"]
[ECO "D26"]
[WhiteElo "2036"]
[BlackElo "1819"]
[Annotator "NA RC"]
[PlyCount "36"]
[EventDate "2017.??.??"]
[EventType "swiss"]
[EventCountry "ISR"]
[SourceTitle "playchess.com"]
[Source "ChessBase"]
[SourceQuality "1"]
[TimeControl "40/5400+30:1800+30"]

1. d4 d5 2. c4 dxc4 3. Nf3 Nf6 4. e3 e6 5. Bxc4 Be7 6. O-O O-O 7. Qe2 c5 8. Nc3 cxd4 9. Nxd4 a6 10. Nf3 b5 11. Bd3 Bb7 12. b3 Nbd7 13. Rd1 Rc8 14. Bb2 Qb6 15. Rac1 (15. a4 $5 ) 15... Rfd8 16. Bc2 Nc5 17. Rxd8+ Rxd8 18. Rd1 $15 Rxd1+ 1/2-1/2

[Event "Israel Team Ch Under 18"]
[Site "Jerusalem"]
[Date "2017.08.14"]
[Round "4"]
[White "Fainman, Tomer"]
[Black "Gitzman, Michael"]
[Result "1-0"]
[ECO "D35"]
[WhiteElo "1976"]
[BlackElo "1912"]
[Annotator "NA RC"]
[PlyCount "121"]
[EventDate "2017.??.??"]
[EventType "swiss"]
[EventCountry "ISR"]
[SourceTitle "playchess.com"]
[Source "ChessBase"]
[SourceQuality "1"]
[TimeControl "40/5400+30:1800+30"]

1. d4 d5 2. c4 e6 3. Nc3 Nf6 4. cxd5 exd5 5. Bg5 Be7 6. Qc2 c6 7. e3 Nbd7 8. Bd3 g6 {[%emt 0:00:32] D36: Queen's Gambit Declined: Exchange Variation: Main line (5 Bg5 c6 6 Qc2)} (8... Nh5 9. Bxe7 Qxe7 10. O-O-O Nb6 11. h3 g6 12. Nf3 Be6 13. Kb1 O-O-O 14. Nd2 Ng7 15. g4 Kb8 16. Nb3 h5 17. f3 Bc8 18. Qf2 hxg4 19. hxg4 Ne6 20. f4 {0-1 (75) Nakamura,H (2793)-Onischuk,A (2667) Saint Louis 2017}) 9. Nf3 Nh5 10. Bxe7 Qxe7 {[%emt 0:01:20] LiveBook: 7 Games} 11. O-O Ndf6 12. Ne5 Ng7 13. Rab1 (13. Ne2 $5 ) 13... Bf5 14. b4 a6 $146 ({Predecessor:} 14... O-O 15. Na4 Bxd3 16. Qxd3 a6 17. Nc5 Nf5 18. f3 {0-1 (89) Baraeva,M (2148)-Imnadze,N (2066) Budva 2013}) 15. Na4 Bxd3 16. Qxd3 Nf5 17. Nc5 Nd6 18. Rfc1 O-O 19. a4 Rfc8 20. a5 Rc7 21. h3 Kg7 22. Rc2 Nfe4 23. Na4 f6 24. Nb6 Rb8 (24... Rf8 $5 25. Nf3 Re8 $11) 25. Nf3 Nc8 26. Na4 Ned6 27. Nd2 Na7 28. Nb6 Nac8 29. Na4 Na7 30. Rbc1 Nab5 31. Nb6 Nc8 32. Na4 Qxb4 33. Nc5 Re7 $2 (33... Qxa5 $11 34. Ndb3 Qb6) 34. Ra2 Re4 $2 (34... Ncd6 35. Ra4 Qb2) 35. Ra4 Qxa4 36. Nxa4 Re7 37. Nc5 Ncd6 38. Qb3 Rbe8 39. Qd1 Kf7 40. Qg4 Kg7 41. Nb1 Nc4 42. Nc3 Nbd6 43. Ra1 Kf7 44. Qd1 Rc7 45. Nd3 Rce7 46. Qc2 Kg7 47. Nb2 Rc7 48. Nxc4 Nxc4 49. Qb3 Ree7 50. Qb4 Red7 51. Na4 Rd8 52. Nc5 Re7 53. Nxb7 Rdd7 54. Nc5 Ra7 55. Qb8 f5 56. Qc8 $18 f4 57. e4 dxe4 58. Qxc6 Nd2 59. Ne6+ Rxe6 60. Qxe6 f3 61. g3 1-0

[Event "Israel Team Ch Under 18"]
[Site "Jerusalem"]
[Date "2017.08.14"]
[Round "4"]
[White "Landau, Amit"]
[Black "Bronstein, Paz"]
[Result "1/2-1/2"]
[ECO "B00"]
[WhiteElo "1965"]
[BlackElo "1468"]
[Annotator "NA RC"]
[PlyCount "22"]
[EventDate "2017.??.??"]
[EventType "swiss"]
[EventCountry "ISR"]
[SourceTitle "playchess.com"]
[Source "ChessBase"]
[SourceQuality "1"]
[TimeControl "40/5400+30:1800+30"]

1. e4 d6 2. d4 Nf6 3. Bd3 e5 4. d5 g6 5. c4 Bg7 6. Nc3 Nbd7 7. Nge2 {LiveBook: 25 Games} O-O 8. O-O Nc5 9. Bc2 h6 10. b4 Ncd7 11. Ba3 ({White should try} 11. a3 $16) 11... a5 $11 1/2-1/2

[Event "Israel Team Ch Under 18"]
[Site "Jerusalem"]
[Date "2017.08.14"]
[Round "4"]
[White "Slobodiansky, Steven"]
[Black "Shohat, Yotam"]
[Result "1-0"]
[ECO "B35"]
[WhiteElo "1963"]
[BlackElo "2041"]
[Annotator "NA RC"]
[PlyCount "141"]
[EventDate "2017.??.??"]
[EventType "swiss"]
[EventCountry "ISR"]
[SourceTitle "playchess.com"]
[Source "ChessBase"]
[SourceQuality "1"]
[TimeControl "40/5400+30:1800+30"]

1. e4 c5 2. Nf3 g6 3. d4 cxd4 4. Nxd4 Nc6 5. Nc3 Bg7 6. Be3 Nf6 7. Bc4 O-O 8. Bb3 d5 9. exd5 {[%emt 0:00:41] B35: Sicilian: Accelerated Dragon with 5 Nc3: main line} Na5 $1 10. O-O Nxb3 11. Nxb3 b6 12. Qd2 Bb7 13. Rad1 {[%emt 0:01:04] LiveBook: 4 Games} Qc7 {[%emt 0:01:16] [#]} 14. Bh6 $146 ({Predecessor:} 14. Bf4 Qc4 15. Rfe1 Rfd8 16. Qd4 Qxd4 17. Nxd4 Nxd5 18. Nxd5 Rxd5 {½-½ (68) Negi,P (2664)-Hou,Y (2683) Saint Louis 2015}) 14... Rfd8 15. Bxg7 Kxg7 16. Nb5 Qc4 17. Na3 Qxd5 18. Qxd5 Nxd5 19. Nb5 Rac8 20. c3 a6 21. N5d4 Nf4 (21... e5 $5 22. Ne2 a5 $17) 22. Rfe1 Kf6 23. g3 Nh3+ 24. Kf1 e5 25. Nc2 Ng5 26. Nd2 Bf3 27. h4 Bxd1 28. hxg5+ Kxg5 29. Rxd1 Kh6 30. Ke2 Kg7 31. Ne3 b5 32. Rh1 Rd7 33. g4 f6 34. Ne4 h6 35. b4 Rcd8 {[%emt 0:00:50] [#]} 36. Rd1 $2 (36. a4 $1 $18 ) 36... Rxd1 37. Nxd1 f5 38. gxf5 gxf5 39. Nc5 Kf6 40. Ne3 h5 41. a4 h4 42. a5 {[%emt 0:00:24] [#]} Rd6 (42... h3 $1 $19 43. Nf1 Rd6) 43. c4 $19 (43. Nb7 $1 $11 {and White stays safe.} Rc6 44. Nc5) 43... bxc4 44. Nxc4 Rd4 45. Nb6 h3 46. Kf1 Rd1+ 47. Ke2 h2 48. Kxd1 h1=Q+ 49. Ke2 Qc6 50. Nbd7+ Ke7 51. Nxe5 Qb5+ 52. Kf3 Kf6 53. Ned3 Qc4 54. Ke3 Kg5 55. f4+ Kh4 56. Kf3 Qc2 57. Ke3 Kg3 58. Nxa6 Qc6 59. Nac5 Kg2 60. a6 Qf3+ 61. Kd4 Kf1 62. Kc4 Ke2 63. b5 Ke3 64. b6 Qd1 65. b7 Qc2+ 66. Kd5 Qa2+ 67. Kc6 Qg8 68. a7 Qe8+ 69. Kb6 Qd8+ 70. Ka6 Qd6+ 71. Kb5 1-0

[Event "Israel Team Ch Under 18"]
[Site "Jerusalem"]
[Date "2017.08.14"]
[Round "4"]
[White "Kupervaser, Erez"]
[Black "Chachashvili, Zuri"]
[Result "0-1"]
[ECO "A45"]
[WhiteElo "1868"]
[BlackElo "1911"]
[Annotator "NA RC"]
[PlyCount "126"]
[EventDate "2017.??.??"]
[EventType "swiss"]
[EventCountry "ISR"]
[SourceTitle "playchess.com"]
[Source "ChessBase"]
[SourceQuality "1"]
[TimeControl "40/5400+30:1800+30"]

1. d4 Nf6 2. Nc3 d5 3. Bf4 e6 4. Nb5 {[%emt 0:00:27] D00: 1 d4 d5: Unusual lines} Na6 5. e3 Be7 (5... c6 6. Nc3 Bb4 7. Nge2 O-O 8. a3 Bd6 9. Ng3 Nc7 10. Bd3 Re8 11. Bxd6 Qxd6 {0-1 (42) Rapport,R (2717)-Wei,Y (2707) Yancheng 2016}) 6. Nf3 O-O {[%emt 0:02:00] LiveBook: 18 Games} 7. Ne5 c6 $146 ({Predecessor:} 7... c5 8. c3 Bd7 9. a4 Bc6 10. Be2 Nd7 11. O-O Nxe5 12. Bxe5 {1-0 (64) Martinovic,S (2550)-Girya,O (2450) Tallinn 2016}) 8. Nc3 Qa5 9. a3 Ne4 10. Bxa6 Qxa6 11. Nxe4 dxe4 12. Qe2 (12. Qg4 $1 $11 {remains equal.}) 12... Qxe2+ 13. Kxe2 c5 14. Rhd1 b6 (14... cxd4 $17 15. exd4 f6) 15. dxc5 Ba6+ 16. Ke1 Bxc5 17. b4 (17. Nd7 $5 Rfc8 18. b3 $11) 17... Be7 18. Rd7 Bf6 19. Rad1 (19. a4 $11) 19... Rfc8 20. R1d2 Bb5 21. R7d4 (21. Rb7 $1 $15) 21... Rc3 22. Rxe4 Rac8 23. g4 h6 ({Don't play} 23... Rxa3 24. c4 $17) 24. Kd1 (24. Red4 $17) 24... Ba4 ({Much less strong is} 24... Rxa3 25. c4) 25. Red4 Bxc2+ 26. Kc1 Ba4+ 27. Kb2 Rc2+ 28. Rxc2 Rxc2+ 29. Kb1 Rxf2 30. Rc4 Rf1+ 31. Ka2 (31. Rc1 $142 Bb5 32. Rxf1 Bxf1 33. Kc2) 31... Rf2+ 32. Kb1 Rf1+ 33. Ka2 Re1 34. Rc8+ Kh7 35. Rc7 Bxe5 36. Bxe5 Rxe3 37. Bb2 Kg6 38. h4 Bb3+ 39. Kb1 Re1+ 40. Rc1 Rxc1+ 41. Bxc1 Bd1 42. g5 h5 43. Bb2 f6 44. Kc1 Bb3 ({Less strong is} 44... fxg5 45. Kxd1 gxh4 46. Ke2 $15) 45. Kd2 fxg5 46. hxg5 Kxg5 47. Bxg7 Kf5 48. Ke2 Bd5 (48... h4 $19 49. Kf2 e5) 49. Bd4 (49. Bf8 $17) 49... Kf4 (49... h4 $19 50. Bf2 Kg4) 50. Kf2 (50. Bf6 $17 {keeps fighting.}) 50... h4 51. a4 h3 52. Kg1 e5 53. Bf2 Kf3 54. Bh4 $19 Bb3 55. a5 bxa5 56. bxa5 a6 57. Be1 e4 58. Bb4 Ke2 59. Kh2 Be6 60. Kg1 Kd3 61. Be1 e3 62. Bg3 Ke2 63. Bh4 Kd1 0-1

[Event "Israel Team Ch Under 18"]
[Site "Jerusalem"]
[Date "2017.08.14"]
[Round "4"]
[White "Garber, Tal"]
[Black "Leshem, Yonatan"]
[Result "1-0"]
[ECO "A10"]
[WhiteElo "1835"]
[BlackElo "1659"]
[Annotator "NA RC"]
[PlyCount "117"]
[EventDate "2017.??.??"]
[EventType "swiss"]
[EventCountry "ISR"]
[SourceTitle "playchess.com"]
[Source "ChessBase"]
[SourceQuality "1"]
[TimeControl "40/5400+30:1800+30"]

1. c4 g6 2. e4 Bg7 3. Nf3 Nc6 4. d4 d6 {LiveBook: 82 Games} 5. Be2 Bd7 6. O-O e5 7. Be3 f5 8. Bg5 Nge7 9. d5 Nd4 10. Nxd4 exd4 11. exf5 Bxf5 12. Bd3 O-O $1 13. Re1 Bf6 14. Bh6 (14. Bxf6 $16 Rxf6 15. Qe2) 14... Rf7 15. Na3 Bxd3 16. Qxd3 Bh4 17. g3 Nf5 18. Bd2 Bf6 19. Re6 Qf8 20. Rae1 Ng7 21. R6e4 Nf5 22. Nc2 Bg7 23. b3 c5 24. f4 ({White should play} 24. dxc6 $1 $16 bxc6 25. Nb4) 24... Re7 25. Rxe7 Nxe7 26. Re6 Rd8 27. Ne1 Nf5 28. Nf3 (28. g4 $16 Ne7 29. Qe4) 28... Bf6 29. Qe2 (29. g4 $5 Ng7 30. Re2 $14) 29... Ng7 30. Re4 Re8 31. Rxe8 Qxe8 32. Qxe8+ Nxe8 33. Ne1 b6 34. Nd3 Kf7 35. Kg2 Be7 36. Kf3 a5 37. Nf2 Nf6 38. Ne4 Nxe4 39. Kxe4 Kf6 40. Be1 h5 41. h3 Kf7 42. g4 hxg4 43. hxg4 Bf6 44. Bd2 g5 $2 (44... Bh4 $14) 45. fxg5 Be5 46. Kf5 Kg7 47. Ke6 Kg6 48. Kd7 d3 $18 49. Kc6 Bg3 50. Kxb6 Bh4 51. Kc6 Bxg5 52. Bxa5 Bf4 53. Bc3 Kg5 54. a4 Kxg4 55. a5 Kf3 56. a6 Ke2 57. a7 Bd2 58. Bxd2 Kxd2 59. a8=Q 1-0

[Event "Israel Team Ch Under 18"]
[Site "Jerusalem"]
[Date "2017.08.14"]
[Round "4"]
[White "Tillinger, Aviv"]
[Black "Shapira, Gal"]
[Result "1-0"]
[ECO "B32"]
[WhiteElo "1815"]
[BlackElo "1651"]
[Annotator "NA RC"]
[PlyCount "45"]
[EventDate "2017.??.??"]
[EventType "swiss"]
[EventCountry "ISR"]
[SourceTitle "playchess.com"]
[Source "ChessBase"]
[SourceQuality "1"]
[TimeControl "40/5400+30:1800+30"]

1. e4 c5 2. Nf3 Nc6 3. d4 cxd4 4. Nxd4 e5 5. Nb5 d6 6. c4 Be7 7. N1c3 a6 8. Na3 f5 9. exf5 Bxf5 10. Bd3 Be6 11. O-O Nf6 12. Nc2 {B32: Sicilian: Löwenthal and Kalashnikov Variations} O-O (12... Qd7 13. Bg5 O-O 14. b3 Bd8 15. Rb1 Bb6 16. Be3 Bc7 17. Qd2 h6 18. f3 Rad8 19. Be4 Ba5 {½-½ (52) Andreikin,D (2736)-Roganovic,M (2478) Novi Sad 2016}) 13. Ne3 Rc8 {LiveBook: 3 Games} 14. b3 Nd4 15. Bb2 Qb6 16. Ne2 $146 ({Predecessor:} 16. Ne4 Nxe4 17. Bxe4 Nf5 18. Nd5 Qd8 19. Qd3 Kh8 20. Rad1 Bg5 21. Kh1 h6 22. f4 exf4 23. Nxf4 Bxf4 24. Rxf4 Qd7 25. Rdf1 Rce8 26. g4 {1-0 (26) Mannion,S (2365)-Vandervorst,J (2005) Cappelle-la-Grande 2014}) 16... Nxe2+ 17. Qxe2 Nd7 18. Qc2 h6 19. Bf5 Nc5 $2 {[#]} (19... Bxf5 $14 20. Nxf5 Rf7) 20. b4 $1 Bxf5 21. Nxf5 Rxf5 $18 (21... Bf6 22. bxc5 Qxc5) 22. Qxf5 Rf8 23. bxc5 1-0

[Event "Israel Team Ch Under 18"]
[Site "Jerusalem"]
[Date "2017.08.14"]
[Round "4"]
[White "Barak, Gil"]
[Black "Feldman, Antony"]
[Result "1/2-1/2"]
[ECO "B06"]
[WhiteElo "1809"]
[BlackElo "1975"]
[Annotator "NA RC"]
[PlyCount "46"]
[EventDate "2017.??.??"]
[EventType "swiss"]
[EventCountry "ISR"]
[SourceTitle "playchess.com"]
[Source "ChessBase"]
[SourceQuality "1"]
[TimeControl "40/5400+30:1800+30"]

1. e4 g6 2. d4 Bg7 3. Nc3 c6 4. a4 d5 5. exd5 cxd5 6. Nf3 Nf6 7. Bd3 Nc6 8. h3 O-O 9. O-O Nb4 10. Re1 Nxd3 11. Qxd3 Bf5 12. Qe2 Ne4 13. Be3 Nxc3 14. bxc3 h6 15. Qb5 Qd6 16. Ne5 g5 17. Nd3 b6 18. Bc1 Be6 19. Ba3 Qc7 20. Qb3 Rac8 21. Bb2 Bf6 22. Nb4 Qc4 23. Re3 a5 1/2-1/2

[Event "Israel Team Ch Under 18"]
[Site "Jerusalem"]
[Date "2017.08.14"]
[Round "4"]
[White "Weintraub, Amit"]
[Black "Vaknin, Asaf"]
[Result "1/2-1/2"]
[ECO "D70"]
[WhiteElo "1801"]
[BlackElo "1746"]
[Annotator "NA RC"]
[PlyCount "105"]
[EventDate "2017.??.??"]
[EventType "swiss"]
[EventCountry "ISR"]
[SourceTitle "playchess.com"]
[Source "ChessBase"]
[SourceQuality "1"]
[TimeControl "40/5400+30:1800+30"]

1. d4 Nf6 2. c4 g6 3. f3 d5 4. cxd5 {[%emt 0:00:28] D70: Grünfeld: Unusual White 3rd moves (met by ...d5)} Nxd5 5. e4 Nf6 (5... Nb6 6. Nc3 Bg7 7. Be3 O-O 8. Qd2 Nc6 9. O-O-O Qd6 10. Kb1 Rd8 11. Nb5 Qd7 12. d5 a6 13. Nc3 Qe8 14. Qc1 Na5 15. h4 e6 16. Bf4 Rd7 17. Bh6 Bxh6 18. Qxh6 exd5 {½-½ (35) Aronian,L (2809)-Svidler,P (2749) Geneve 2017}) 6. Nc3 Bg7 7. Be3 c6 8. Qd2 $146 ({Predecessor:} 8. Nge2 e6 9. Qd2 Nbd7 10. g4 Nb6 11. Ng3 Ng8 12. O-O-O a5 13. h4 {1-0 (35) Hrescak,I (1742)-Stanic,V (1797) Nova Gorica 2013}) 8... b5 9. a3 O-O 10. Nge2 Bb7 11. Rd1 Na6 12. Nc1 b4 13. axb4 Nxb4 14. Nb3 a5 15. Nc5 Ba6 16. Bxa6 Nxa6 17. Nxa6 Rxa6 18. O-O Qb8 19. Bf4 Qb3 20. Ra1 a4 21. Ra3 Qc4 22. Rc1 Nh5 {[%emt 0:03:29] [#]} (22... Nd7 $11 {keeps the balance.}) 23. Be3 $1 Qb4 24. e5 f6 25. f4 fxe5 26. fxe5 c5 27. Qe2 cxd4 28. Qxa6 dxe3 29. Qb5 Qh4 30. Rxa4 Qf2+ 31. Kh1 Nf4 32. Qf1 Qxb2 33. Rb1 Qxc3 34. Rxf4 Rxf4 35. Qxf4 Bxe5 36. Qe4 Kg7 37. g3 Bf6 $11 38. Kg2 $2 (38. Rd1 $11 {and White is okay.}) 38... Qd2+ 39. Kf3 Qf2+ 40. Kg4 Qxh2 41. Rh1 Qe2+ 42. Kh3 h5 43. Rh2 Qe1 44. Qf3 Kh6 45. Re2 Qa1 46. Qxe3+ g5 47. Kg2 Qa8+ 48. Kf1 Qh1+ 49. Kf2 Qh2+ 50. Ke1 Qh1+ 51. Kf2 Qh2+ 52. Ke1 Qh1+ 53. Kf2 1/2-1/2

[Event "Israel Team Ch Under 18"]
[Site "Jerusalem"]
[Date "2017.08.14"]
[Round "4"]
[White "Sassoon, Roei"]
[Black "Gorshtein, Asaf"]
[Result "1-0"]
[ECO "E15"]
[WhiteElo "1779"]
[BlackElo "1926"]
[Annotator "NA RC"]
[PlyCount "97"]
[EventDate "2017.??.??"]
[EventType "swiss"]
[EventCountry "ISR"]
[SourceTitle "playchess.com"]
[Source "ChessBase"]
[SourceQuality "1"]
[TimeControl "40/5400+30:1800+30"]

1. d4 Nf6 2. c4 e6 3. Nf3 b6 4. g3 Bb7 5. Bg2 d5 6. O-O Nbd7 7. Nc3 {LiveBook: 3 Games} Be7 {E16: Queen's Indian: 4 g3 Bb7 5 Bg2 Bb4+} 8. Nd2 (8. cxd5 exd5 9. Bf4 a6 10. Rc1 O-O 11. Ne5 Re8 12. Qb3 Nf8 13. e4 c6 14. exd5 cxd5 15. Na4 {0-1 (37) Ayyad,M (2076)-Henriquez Villagra,C (2508) Baku 2016}) 8... O-O 9. e4 dxe4 10. Ndxe4 Qc8 11. Re1 $146 ({Predecessor:} 11. d5 exd5 12. Nxd5 Nxd5 13. cxd5 Nf6 14. Nxf6+ Bxf6 15. Bf4 Bxb2 {0-1 (47) Berton,C-Henault,F Clermont Ferrand 2001}) 11... Rd8 12. Bf4 h6 13. Qd2 e5 (13... Nxe4 $11 14. Nxe4 Nf8) 14. Bxh6 exd4 $2 {[#]} ({Better is} 14... Nxe4 $14 15. Bxe4 Nf8) 15. Qg5 $2 (15. Bxg7 $1 $18 Kxg7 16. Qg5+ Kh7 17. Nb5) 15... Bf8 16. Nxf6+ $4 ({White should try} 16. Nd5 $15 Bxd5 17. cxd5) 16... Nxf6 17. Nd5 Nxd5 18. cxd5 Rd6 19. Bxg7 Bxg7 20. Re7 Qd8 21. Rae1 Kf8 22. h4 Bh6 $2 ({Black should play} 22... d3 $19 23. h5 Rb8) 23. Qe5 Bg7 24. Qg5 Bxd5 25. Bxd5 Rxd5 26. Re8+ Qxe8 27. Rxe8+ Rxe8 28. Qxd5 c5 29. b4 cxb4 30. Qd6+ Kg8 31. Qxb4 Rd8 32. h5 d3 33. Qd2 Rd7 34. g4 Kf8 35. Kf1 Bc3 36. Qxc3 d2 37. Qc8+ Ke7 38. Qxd7+ Kxd7 39. Ke2 Ke6 40. Kxd2 Kf6 41. Kc3 Kg5 42. Kc4 f5 43. f3 f4 44. Kb5 a6+ 45. Kxb6 Kh4 46. h6 Kg3 47. h7 Kxf3 48. h8=Q Kg2 49. Qf6 1-0

[Event "Israel Team Ch Under 18"]
[Site "Jerusalem"]
[Date "2017.08.14"]
[Round "4"]
[White "Achai, Lyri"]
[Black "Vazana, Yochay"]
[Result "1-0"]
[ECO "C13"]
[WhiteElo "1777"]
[BlackElo "1909"]
[Annotator "NA RC"]
[PlyCount "87"]
[EventDate "2017.??.??"]
[EventType "swiss"]
[EventCountry "ISR"]
[SourceTitle "playchess.com"]
[Source "ChessBase"]
[SourceQuality "1"]
[TimeControl "40/5400+30:1800+30"]

1. e4 e6 2. d4 d5 3. Nc3 Nf6 4. Bg5 Be7 5. e5 Nfd7 6. h4 h6 7. Be3 c5 8. Qg4 {[%emt 0:00:26] LiveBook: 38 Games C14: French: Classical System: 4 Bg5 Be7 main line} (8. dxc5 Nc6 9. Qg4 d4 10. Bxd4 Nxd4 11. Qxd4 Bxc5 12. Qf4 Qb6 13. O-O-O Bxf2 14. Rh3 Bxg1 15. Ne4 O-O {0-1 (25) Hansen,E (2616)-Stocek,J (2568) Jurmala 2017}) 8... Bf8 (8... Kf8 $11) 9. f4 cxd4 10. Bxd4 Nc6 11. Nf3 a6 12. Bd3 $146 ({Predecessor:} 12. O-O-O $14 b5 13. Bd3 Nxd4 14. Nxd4 Qb6 15. Nf3 Bb7 {½-½ (47) Herrmann,M (2006)-Huebner,S (1612) Leipzig 2008}) 12... Nxd4 13. Nxd4 Qb6 14. Nb3 Qe3+ 15. Ne2 b6 $2 {[%emt 0:04:16] [#]} (15... h5 $15 {stays ahead.} 16. Qg5 g6) 16. Rh3 $1 Nxe5 17. Qh5 (17. Rxe3 $2 {too greedy.} Nxg4 18. Rf3 Be7 $19) ({Don't do} 17. fxe5 $6 Qxe5 18. O-O-O Bd6 $16) 17... Nxd3+ 18. cxd3 Bb4+ 19. Kf1 g6 {[%emt 0:01:18] [#]} 20. Qg4 $1 h5 21. Qg5 ({Not} 21. Rxe3 hxg4 22. g3 Bd7 $17) 21... Be7 22. Rxe3 Bxg5 23. fxg5 Bd7 24. Rc1 Ke7 25. Ke1 Rhf8 26. Kd2 Kd6 27. d4 Rac8 28. Rf3 Rc4 29. Nf4 Rfc8 30. Nd3 Rxc1 31. Nbxc1 Rc4 32. Rf4 Be8 33. Ne5 Rc7 34. Ncd3 a5 35. g4 Ke7 36. gxh5 gxh5 37. Rf6 b5 38. Rh6 Kd8 $18 39. Nf4 b4 40. Nxh5 a4 41. Nf6 Bb5 42. Rh8+ Ke7 43. Rh7 Kf8 44. Ng6+ 1-0

[Event "Israel Team Ch Under 18"]
[Site "Jerusalem"]
[Date "2017.08.14"]
[Round "4"]
[White "Shik Buchbinder, Maks"]
[Black "Caspi, Nimi"]
[Result "1/2-1/2"]
[ECO "B40"]
[WhiteElo "1718"]
[BlackElo "1780"]
[Annotator "NA RC"]
[PlyCount "38"]
[EventDate "2017.??.??"]
[EventType "swiss"]
[EventCountry "ISR"]
[SourceTitle "playchess.com"]
[Source "ChessBase"]
[SourceQuality "1"]
[TimeControl "40/5400+30:1800+30"]

1. e4 c5 2. Nf3 e6 3. d4 cxd4 4. c3 d5 5. exd5 Qxd5 6. Qxd4 Qxd4 7. Nxd4 Nf6 8. Bg5 Nd5 9. Bc4 Nb6 10. Bb3 Bd7 11. O-O Bc5 12. Nd2 Nc6 13. Ne4 Nxd4 14. Nxc5 Nxb3 15. Nxb3 O-O 16. Rad1 Bc6 17. Nd4 Bd5 18. b3 f6 19. Bh4 e5 1/2-1/2